 Dungeon Crawl Stone Soup version 0.30-a0-469-g84de5afbc5 (webtiles) character file.

Game seed: 9591547490761031170

294 Darkkill the Shooter (level 6, -3/53 HPs)
             Began as a Minotaur Hunter on Dec 19, 2022.
             Slain by an ogre
             ... wielding a +0 giant spiked club
              (15 damage)
             ... on level 5 of the Dungeon.
             The game lasted 00:02:39 (2717 turns).

Darkkill the Shooter (Minotaur Hunter)              Turns: 2717, Time: 00:02:39

Health: -3/53      AC: 11    Str: 16    XL:     6   Next: 11%
Magic:  0/5        EV: 13    Int:  6    God:
Gold:   279        SH:  0    Dex: 15    Spells: 5/5 levels left

rFire   . . .      SeeInvis .    a - +0 shortbow
rCold   . . .      Faith    .    (shield currently unavailable)
rNeg    . . .      Spirit   +    c - +0 leather armour
rPois   .          Reflect  .    (helmet restricted)
rElec   .          Harm     .    (no cloak)
rCorr   .          Rampage  .    r - +2 pair of gloves {Stlth+}
Will    .....                    k - +0 pair of boots
Stlth   +++.......               u - amulet of guardian spirit
HPRegen 0.28/turn                e - +4 ring of protection
MPRegen 0.09/turn                (no ring)

@: no status effects
A: horns 2, retaliatory headbutt
a: no special abilities


You were on level 5 of the Dungeon.
You visited 1 branch of the dungeon, and saw 5 of its levels.

You collected 279 gold pieces.

Inventory:

Hand Weapons
 a - a +0 shortbow (weapon)
Missiles
 d - 30 stones
 l - 6 poisoned darts
Armour
 c - a +0 leather armour (worn)
 k - a +0 pair of boots (worn)
 r - a +2 pair of gloves of stealth (worn)
Jewellery
 e - a +4 ring of protection (left hand)
 u - an amulet of guardian spirit (around neck)
Wands
 h - a wand of quicksilver (6)
Scrolls
 b - 2 scrolls of immolation
 i - 2 scrolls of teleportation
 p - a scroll of identify {@r1}
Potions
 f - 3 potions of heal wounds
 g - 3 potions of curing {@q1}
 j - a potion of brilliance {unknown}
 m - a potion of mutation {unknown}
 n - a potion of degeneration {unknown}
 o - a potion of might {unknown}
 q - a potion of resistance {unknown}
 t - a potion of berserk rage {unknown}


   Skills:
 + Level 4.3 Fighting
 + Level 5.5 Ranged Weapons
 + Level 4.0 Dodging
 + Level 2.7 Stealth


You had 5 spell levels left.
You didn't know any spells.
Your spell library was empty.

Dungeon Overview and Level Annotations

Branches:
Dungeon (5/15)
 Temple: D:4-7

Altars:
Nemelex Xobeh

Shops:
D:2 [


Innate Abilities, Weirdness & Mutations

You have a pair of horns on your head.
You reflexively headbutt those who attack you in melee.


Message History

You kill the orc!
Your Dodging skill increases to level 4!
Fire: a) +0 shortbow
Press: ? - help, Q - select action, (/) - cycle Shift-Dir - straight line, f - you Really target yourself? [Y]es or [N]o only, please.
Really target yourself? [Y]es or [N]o only, please.
Really target yourself? [Y]es or [N]o only, please.
Really target yourself? [Y]es or [N]o only, please.
Really target yourself? [Y]es or [N]o only, please.
Really target yourself? [Y]es or [N]o only, please.
Really target yourself?
Okay, then.
Magic restored.
HP restored.
Things that are here:
a +0 flail; a +0 ring mail You now have 279 gold pieces (gained 15).
You see here a +0 flail.
A shadow imp comes into view.
You shoot an arrow. The arrow hits the shadow imp.
The shadow imp shouts, "Succumb, thou yeasty kobold-kissing pustule!"
The shadow imp is moderately wounded.
You shoot an arrow.
The arrow closely misses the shadow imp.
A shadow imp is nearby!
You shoot an arrow. The arrow hits the shadow imp.
The shadow imp is severely wounded.
A shadow imp is nearby!
You shoot an arrow. The arrow hits the shadow imp!
You kill the shadow imp!
Found a short sword.
No target in view!
p - a scroll of identify {@r1} No target in view!
An ogre comes into view. It is wielding a +0 giant spiked club.
You shoot an arrow. The arrow hits the ogre.
The ogre shouts!
The ogre is lightly wounded.
An ogre is nearby!
You shoot an arrow. The arrow barely misses the ogre.
An ogre is nearby!
You shoot an arrow. The arrow hits the ogre!
The ogre is moderately wounded.
An ogre is nearby!
You shoot an arrow. The arrow barely misses the ogre.
An ogre is nearby!
You shoot an arrow. The arrow closely misses the ogre.
You hear a bark!
The ogre hits you with a +0 giant spiked club!!
A hound comes into view.
There are monsters nearby!
You are too injured to fight recklessly!
There are monsters nearby!
You are too injured to fight recklessly!
There are monsters nearby!
You are too injured to fight recklessly!
There are monsters nearby!
Fire: a) +0 shortbow
Press: ? - help, Q - select action, (/) - cycle Shift-Dir - straight line, f/p - ogre
Aim: an ogre, wielding a +0 giant spiked club (moderately wounded, 77% to hit)
You shoot an arrow. The hound barks!
The arrow hits the ogre!
The ogre is heavily wounded.
The ogre hits you with a +0 giant spiked club.
Fire: a) +0 shortbow
Press: ? - help, Q - select action, (/) - cycle Shift-Dir - straight line, f/p - ogre
Aim: an ogre, wielding a +0 giant spiked club (heavily wounded, 77% to hit)
You shoot an arrow. The arrow hits the ogre.
The ogre is heavily wounded.
The hound bites you.
Fire: a) +0 shortbow
Press: ? - help, Q - select action, (/) - cycle Shift-Dir - straight line, f/p - ogre
Aim: an ogre, wielding a +0 giant spiked club (heavily wounded, 77% to hit)
You shoot an arrow. The arrow closely misses the ogre.
The hound barely misses you. The ogre barely misses you.
The hound barely misses you. You furiously retaliate!
You headbutt the hound!
Fire: a) +0 shortbow
Press: ? - help, Q - select action, (/) - cycle Shift-Dir - straight line, f/p - ogre
Aim: an ogre, wielding a +0 giant spiked club (heavily wounded, 77% to hit)
You shoot an arrow. The arrow barely misses the ogre.
The hound closely misses you.
The ogre hits you with a +0 giant spiked club!
* * * LOW HITPOINT WARNING * * *
The hound barely misses you.
Fire: a) +0 shortbow
Press: ? - help, Q - select action, (/) - cycle Shift-Dir - straight line, f/p - ogre
Aim: an ogre, wielding a +0 giant spiked club (heavily wounded, 77% to hit)
You shoot an arrow. The arrow hits the ogre.
The ogre is severely wounded.
The hound misses you. You furiously retaliate!
You headbutt the hound!
You kill the hound!
The ogre hits you with a +0 giant spiked club!
You die...

# #........###....#....#
#...............#.....
###..##...#.....#)......
#....####.#.....##......
........#...#......###!.
....#.......####........
....##...... #.........
.......#.#....##..#.....
.##....#.#......@###..#.
..##.##....####.†O# .##
..###.....# ##.... #
...#.... .. ##.....
#.......... ..#....
#......... ..#....
.......... .## ...
.#...... .# .. )###....


You could see an ogre.

Vanquished Creatures
  A necrophage (D:4)
  A hound (D:5)
  2 orc priests (D:5)
  Jessica (D:2)
  5 adders
  A gnoll (D:1)
  A shadow imp (D:5)
  2 ufetubi (D:4)
  A dart slug (D:4)
  5 orcs
  8 endoplasms
  3 giant cockroaches
  9 hobgoblins
  2 jackals (D:1)
  4 quokkas
  6 ball pythons
  2 bats
  5 frilled lizards
  5 goblins
  10 kobolds
  5 rats
79 creatures vanquished.

Notes
Turn   | Place    | Note
-------+----------+-------------------------------------------
     0 | D:1      | Darkkill the Minotaur Hunter began the quest for the Orb.
     0 | D:1      | Reached XP level 1. HP: 18/18 MP: 0/0
    56 | D:1      | Reached skill level 1 in Stealth
    77 | D:1      | Reached XP level 2. HP: 25/25 MP: 1/1
   473 | D:1      | Reached XP level 3. HP: 31/31 MP: 2/2
   705 | D:2      | Noticed Jessica
   708 | D:2      | Killed Jessica
   714 | D:2      | Reached XP level 4. HP: 33/38 MP: 3/3
   760 | D:2      | Found Yvebiexu's Armour Boutique.
   895 | D:2      | Reached skill level 5 in Ranged Weapons
  1233 | D:3      | Found a sparkling altar of Nemelex Xobeh.
  1889 | D:4      | Reached XP level 5. HP: 46/46 MP: 4/4
  2561 | D:5      | Entered Level 5 of the Dungeon
  2580 | D:5      | Reached XP level 6. HP: 36/53 MP: 2/5
  2717 | D:5      | Slain by an ogre

Illustrated notes

Levels and vault maps discovered:
D:1:      evilmike_arrival_plus, layout_basic
D:2:      layout_rooms, serial_shops, shop, uniq_jessica
D:3:      layout_basic, nemelex_xobeh_ov_fountains_minmay
D:4:      layout_basic
D:5:      layout_cave_pools, makhleb_grotto_becter,
          hangedman_abyss_or_decor_stagger

Skill      XL: |  1  2  3  4  5  6 |
---------------+-------------------+-----
Stealth        | 1 2 |  2.7
Fighting       | 3 4 |  4.3
Dodging        | 3 4 |  4.0
Ranged Weapons | 5 |  5.5

Action                   |  1- 3 |  4- 6 || total
-------------------------+-------+-------++-------
 Fire: Shortbow          |    76 |   135 ||   211
  Use: Scroll            |     4 |     2 ||     6
Armor: Leather armour    |     4 |     9 ||    13
Dodge: Dodged            |    24 |    43 ||    67

Table legend: (Time is in decaauts)
 A = Elapsed time spent in this place.
 B = Non-inter-level travel time spent in this place.
 C = Inter-level travel time spent in this place.
 D = Time resting spent in this place.
 E = Time spent auto-exploring this place.
 F = Levels seen in this place.
 G = Mean time per level.
                   A        B        C        D        E       F      G
               +--------+--------+--------+--------+--------+-----+--------+
         Total |   2774 |   2717 |     57 |    100 |   2165 |   5 |  554.8 |
       Dungeon |   2774 |   2717 |     57 |    100 |   2165 |   5 |  554.8 |
               +--------+--------+--------+--------+--------+-----+--------+

Top non-repeatable levels by time:
     D:4: 878 daAuts
     D:1: 648 daAuts
     D:2: 565 daAuts
     D:3: 519 daAuts
     D:5: 163 daAuts

Table legend:
 A = Kills in this place as a percentage of kills in entire the game.
 B = Kills by you in this place as a percentage of kills by you in the entire game.
 C = Kills by friends in this place as a percentage of kills by friends in the entire game.
 D = Other kills in this place as a percentage of other kills in the entire game.
 E = Experience gained in this place as a percentage of experience gained in the entire game.
 F = Experience gained in this place divided by the number of levels of this place that you have seen.
                   A       B       C       D       E      F
               +-------+-------+-------+-------+-------+----------------------
         Total | 100.0 | 100.0 |   N/A |   N/A | 100.0 |  92.4
       Dungeon | 100.0 | 100.0 |   N/A |   N/A | 100.0 |  92.4
               +-------+-------+-------+-------+-------+----------------------
